Workbook

Sheet Guidance
B1: #VALUE!
B2: Gym Instructor Mapping Template
B3: Edition: V2.1
B4: Publication date: 1st August 2024
B6: Mapping Guidance - you are here!
B7: Mapping template to reference and evidence where the professional standard is being met by the course/ participant/ qualification
B8: N.B. Examples (e.g.) are given within the LDRs to provide an overview of the knowledge and skills most relevant to the role. It is not mandatory to assess learners against 100% of the examples provided, however, sufficient coverage to ensure occupational competence on achievement must be ensured. This will be reviewed as part of the CIMSPA endorsement process.
B9: For non-regulated qualifications (CPD), where an Education Partner does not meet the full CIMSPA professional standard, it is important to note, that the Education Partner must meet a full Knowledge or Skill LDR. For example, all three sections within K1.1 would need to evidenced for that LDR to partially map to the professional standard.
B10: For further information around product development guidance, please refer to the professional standard within the professional standard library; https://www.cimspa.co.uk/education-training/professional-standards/professional-standards-library/
B11: Alternatively, please view our CIMPSA Partner Endorsement Guide;https://cimspa.co.uk/education-training/endorsement/
B13: Revision History
B14: Version | C14: Name & Role | D14: Signature & Date | E14: Reason for Change
B15: V2.1 | C15: Aidan Riley Education Officer | D15: AR 08/07/24 | E15: Update to general formatting & implementation of conditional formatting to streamline moderator feedback.
B19: E endorsements@cimspa.co.uk T 03438 360200 W www.cimspa.co.uk
B20: Chartered Institute for the Management of Sport and Physical Activity,
B21: SportPark Loughborough University, 3 Oakwood Drive, Loughborough, Leicestershire LE11 3QF
B22: Incorporated by Royal Charter Charity Registration No. 1144545

Sheet Mapping Template
E1: Education Product Title: INSERT HERE
A2: Professional Standard: Gym Instructor | E2: Partner Mapping Section | J2: Moderator Feedback Section | Q2: IV Feedback Section
A3: Topic | B3: Competency | D3: Learning Outcome(s) | E3: Evidence (sign post to SOW / course specification / supporting documents) | F3: Assessment Method | G3: Further Comments (expand on evidence within column E) | H3: Response to Moderator Feedback Section (second review evidence - if applicable) | J3: Score | K3: Mapping to Point | L3: % Mapped to Section | M3: Moderator comments | N3: General Feedback (first review) | O3: General Feedback (second review - if applicable) | Q3: IV Comments
A4: 1. Maximising the customer experience | B4: Ref | C4: Knowledge and Understanding (K&U): | D4: A Gym Instructor must:
B5: K1.1 | C5: Customer needs | D5: Understand the local demographics of their organisation’s customers and how this affects the products and services offer. | K5: {=IF((AND(J5:J8=1)), "Fully Mapped", "Not/ Partially Mapped")} -> Not/ Partially Mapped | L5: =SUM('Workings out'!B4:B21) -> 0
D6: Customer expectations and aspirations within the fitness facility environment.
D7: Know how to build social support and inclusion within the fitness facility environment.
D8: Know how to obtain feedback to support membership retention.
B9: K1.2 | C9: Customer service | D9: Understand their organisation’s products and offer. | K9: {=IF((AND(J9:J12=1)), "Fully Mapped", "Not/ Partially Mapped")} -> Not/ Partially Mapped
D10: Understand a typical customer journey in a fitness facility environment.
D11: Understand how to present themselves in a professional and approachable manner, in line with organisational standards.
D12: Understand the importance of customer retention and how to influence customer retention.
B13: K1.3 | C13: Customer engagement | D13: Understand different methods to engage with customers: e.g. face-to-face, telephone, written (letters, email, posters), social media, digital technology. | K13: {=IF((AND(J13:J17=1)), "Fully Mapped", "Not/ Partially Mapped")} -> Not/ Partially Mapped
D14: Know different types of conflict and how to manage them.
D15: Know different methods to build rapport in order to maximise the customer experience.
D16: How to support safe and enjoyable use of the fitness facility.
D17: The importance of ‘walking the gym floor’ and being accessible and approachable to clients.
B18: K1.4 | C18: Customer communication | D18: Understand different communication techniques and how to use them: | K18: {=IF((AND(J18:J20=1)), "Fully Mapped", "Not/ Partially Mapped")} -> Not/ Partially Mapped
D19: Observation/non-verbal techniques/body language, open/closed questioning, active listening.
D20: How to adapt communication methods to meet the needs of customers from differing backgrounds, cultures, experience etc.
B21: K1.5 | C21: Customer feedback | D21: Understand different methods to obtain customer feedback and channels of recording and reporting in line with organisational procedures. | K21: {=IF((AND(J21:J22=1)), "Fully Mapped", "Not/ Partially Mapped")} -> Not/ Partially Mapped
D22: Understand the feedback cycle and the impact of their role on the customer experience.
B23: Ref | C23: Skills: | D23: A Gym Instructor must be able to:
B24: S1.1 | C24: Customer data | D24: Interpret customer data in order to understand the different types of customers and their needs. | K24: {=IF((AND(J24:J24=1)), "Fully Mapped", "Not/ Partially Mapped")} -> Not/ Partially Mapped | L24: =SUM('Workings out'!C4:C9) -> 0
B25: S1.2 | C25: Customer engagement | D25: Demonstrate customer engagement e.g. deliver an informative tour, deal with customer enquiries, offer an end to end service. | K25: {=IF((AND(J25:J25=1)), "Fully Mapped", "Not/ Partially Mapped")} -> Not/ Partially Mapped
B26: S1.3 | C26: Customer service | D26: Demonstrate exemplary customer service to include: problem solving, discretion, influencing, teamwork, suitable language use, etc. | K26: =IF((AND(J26=1)), "Fully Mapped", "Not/ Partially Mapped") -> Not/ Partially Mapped
B27: S1.4 | C27: Develop rapport with customers | D27: Develop rapport with customers in a friendly and approachable manner whilst respecting equality and diversity. | K27: =IF((AND(J27=1)), "Fully Mapped", "Not/ Partially Mapped") -> Not/ Partially Mapped
B28: S1.5 | C28: Professional demeanour | D28: Demonstrate a professional demeanour e.g. uniform and personal attributes, positive first impressions. | K28: =IF((AND(J28=1)), "Fully Mapped", "Not/ Partially Mapped") -> Not/ Partially Mapped
B29: S1.6 | C29: Communication | D29: Demonstrate communication methods appropriate to the customer. | K29: =IF((AND(J29=1)), "Fully Mapped", "Not/ Partially Mapped") -> Not/ Partially Mapped
A30: 2. Routine maintenance and cleaning | B30: Ref | C30: K&U | D30: A Gym Instructor must:
B31: K2.1 | C31: Cleaning Substances | D31: Understand the principle uses and suitability of a range of cleaning substances relevant to the gym environment e.g. anti-bacterial spray. | K31: =IF((AND(J31=1)), "Fully Mapped", "Not/ Partially Mapped") -> Not/ Partially Mapped | L31: =SUM('Workings out'!D4:D11) -> 0
B32: K2.2 | C32: Cleaning equipment | D32: Understand the principle uses and suitability of a range of cleaning equipment e.g. mop, paper towels etc. | K32: {=IF((AND(J32:J32=1)), "Fully Mapped", "Not/ Partially Mapped")} -> Not/ Partially Mapped
B33: K2.3 | C33: Safe systems of work | D33: Understand standard operating procedures with regards to routine maintenance and cleaning, adhering to: manufacturer’s guidelines, control of substances hazardous to health (COSHH), manual handling techniques, electrical safety and security and safe storage of equipment. | K33: =IF((AND(J33=1)), "Fully Mapped", "Not/ Partially Mapped") -> Not/ Partially Mapped
B34: K2.4 | C34: Personal safety | D34: Know personal protective equipment, risk assessments and emergency action plans. | K34: =IF((AND(J34=1)), "Fully Mapped", "Not/ Partially Mapped") -> Not/ Partially Mapped
B35: K2.5 | C35: Hazards | D35: Know how to identify hazards relating to: activity areas and gym; people, physical risks. | K35: {=IF((AND(J35:J36=1)), "Fully Mapped", "Not/ Partially Mapped")} -> Not/ Partially Mapped
D36: Understand risk assessments and reporting procedures.
B37: K2.6 | C37: Cleaning schedules | D37: Know the cleaning routines and organisational standards relevant to the gym environment. | K37: {=IF((AND(J37:J38=1)), "Fully Mapped", "Not/ Partially Mapped")} -> Not/ Partially Mapped
D38: Know how to maintain the safety of themselves and others.
B39: Ref | C39: Skills: | D39: A Gym Instructor must be able to:
B40: S2.1 | C40: Preparing to clean | D40: Plan and prepare own cleaning activities through the interpretation of the organisation’s daily cleaning schedule. | K40: {=IF((AND(J40:J40=1)), "Fully Mapped", "Not/ Partially Mapped")} -> Not/ Partially Mapped | L40: =SUM('Workings out'!E4:E7) -> 0
B41: S2.2 | C41: Cleaning activities | D41: Demonstrate suitable use of appropriate cleaning substances and equipment in line with the organisations safe systems of work, cleaning schedules and organisational standards, whilst maintaining the safety of themselves and others. | K41: =IF((AND(J41=1)), "Fully Mapped", "Not/ Partially Mapped") -> Not/ Partially Mapped
B42: S2.3 | C42: Hazards | D42: Demonstrate appropriate action to deal with identified hazards to include appropriate use of signage and reporting procedures. | K42: =IF((AND(J42=1)), "Fully Mapped", "Not/ Partially Mapped") -> Not/ Partially Mapped
B43: S2.4 | C43: Communication | D43: Demonstrate effective communication to customers and colleagues whilst cleaning to ensure a positive customer experience. | K43: =IF((AND(J43=1)), "Fully Mapped", "Not/ Partially Mapped") -> Not/ Partially Mapped
A44: 3. Exercise anatomy and physiology | B44: Ref | C44: K&U | D44: A Gym Instructor must:
B45: K3.1 | C45: Structure and function of the circulatory system | D45: Know the structure and function of the circulatory system: ­ Function of the heart. ­ How blood moves through the four chambers of the heart. ­ Systemic and pulmonary circulation. ­ Structure and functions of blood vessels. ­ Systolic and diastolic blood pressure. ­ Blood pressure classifications. | K45: =IF((AND(J45=1)), "Fully Mapped", "Not/ Partially Mapped") -> Not/ Partially Mapped | L45: =SUM('Workings out'!F4:F18) -> 0
B46: K3.2 | C46: Structure and function of the respiratory system | D46: Know the structure and function of the respiratory system: ­ Structure and function of the lungs. ­ Main muscles involved in breathing. ­ Passage of air through the respiratory tract. ­ Process of gaseous exchange of oxygen and carbon dioxide in the body (to cover internal and external respiration). | K46: =IF((AND(J46=1)), "Fully Mapped", "Not/ Partially Mapped") -> Not/ Partially Mapped
B47: K3.3 | C47: Structure and function of the skeleton | D47: Know the structure and function of the skeleton: ­ Functions of the skeleton. ­ Structures of the axial skeleton. ­ Structures of the appendicular skeleton. ­ Classification of bones. ­ Structure of long bones. ­ Stages of bone growth. ­ Posture, in terms of: curves of the spine, neutral spine alignment, movement potential of the spine and postural deviations of the spine. | K47: =IF((AND(J47=1)), "Fully Mapped", "Not/ Partially Mapped") -> Not/ Partially Mapped
B48: K3.4 | C48: Joints | D48: Know joints in the body: ­ Classification of joints. ­ Structure of synovial joints. ­ Types of synovial joints and their range of motion. ­ Joint movement potential and joint actions. | K48: =IF((AND(J48=1)), "Fully Mapped", "Not/ Partially Mapped") -> Not/ Partially Mapped
B49: K3.5 | C49: Muscular system | D49: Know the muscular system: ­ Types, characteristics and functions of muscle tissue. ­ Structure of skeletal muscle. ­ Name and location of the anterior skeletal muscles. ­ Name and location of the posterior skeletal muscles. ­ Structure and function of the pelvic floor muscles. ­ Types of muscle action. ­ Joint actions brought about by specific muscle group contractions. ­ Skeletal muscle fibre types and their characteristics. | K49: =IF((AND(J49=1)), "Fully Mapped", "Not/ Partially Mapped") -> Not/ Partially Mapped
B50: K3.6 | C50: Life-course of the musculoskeletal system | D50: Know the life-course of the musculoskeletal system, including bone to cover: ­ Young people (13-18) ­ Antenatal and postnatal period. | K50: {=IF((AND(J50:J51=1)), "Fully Mapped", "Not/ Partially Mapped")} -> Not/ Partially Mapped
D51: Older adults (50 plus)
B52: K3.7 | C52: Energy Systems | D52: Know the different energy systems: ­ How carbohydrates, fats and proteins are used in the production of energy/adenosine triphosphate. ­ Use of the three energy systems during aerobic and anaerobic exercise: e.g. according to different type/duration/intensity of exercise. ­ Anabolism, catabolism and excess post-exercise oxygen consumption (EPOC). ­ By-products of the three energy systems and their significance in muscle fatigue. | K52: {=IF((AND(J52:J53=1)), "Fully Mapped", "Not/ Partially Mapped")} -> Not/ Partially Mapped
D53: Effect of endurance training/advanced training methods on the use of fuel for exercise.
B54: K3.8 | C54: Nervous system | D54: Know the nervous system: ­ Role and functions of the nervous system. ­ Principles of muscle contraction. ­ The ‘all or none’ law/motor unit recruitment. | K54: {=IF((AND(J54:J55=1)), "Fully Mapped", "Not/ Partially Mapped")} -> Not/ Partially Mapped
D55: How exercise can enhance neuromuscular connections and improve motor fitness.
B56: K3.9 | C56: Digestive system | D56: Know the structure and function of the digestive system: ­ Functions of each section of the alimentary canal (mouth, oesophagus, stomach, small intestine, large intestine). ­ How fats, proteins and carbohydrates are digested and absorbed and the main enzymes involved. ­ Role of dietary fibre in the maintenance of gut function. ­ Role of the liver and pancreas in assisting digestion. ­ Timescales for digestion. Importance of fluid. | K56: =IF((AND(J56=1)), "Fully Mapped", "Not/ Partially Mapped") -> Not/ Partially Mapped
B57: K3.10 | C57: Anatomical planes of movement | D57: Know the classification of anatomical planes of movement: -Frontal, (coronal), sagittal and transverse. | K57: =IF((AND(J57=1)), "Fully Mapped", "Not/ Partially Mapped") -> Not/ Partially Mapped
B58: K3.11 | C58: Anatomical terms of location | D58: Know the classification of anatomical terms of location: -Superior and inferior, anterior and posterior, medial and lateral, proximal and distal, superficial and deep. | K58: =IF((AND(J58=1)), "Fully Mapped", "Not/ Partially Mapped") -> Not/ Partially Mapped
B59: K3.12 | C59: Applied biomechanics and kinesiology | D59: Know the effect of exercise variables on biomechanics and kinesiology. | K59: =IF((AND(J59=1)), "Fully Mapped", "Not/ Partially Mapped") -> Not/ Partially Mapped
B60: Ref | C60: Skills: | D60: A Gym Instructor must be able to:
B61: S3.1 | C61: Application of exercise anatomy and physiology | D61: Apply knowledge of anatomy and physiology in the planning of safe and effective exercise programmes for a range of clients. | K61: {=IF((AND(J61:J62=1)), "Fully Mapped", "Not/ Partially Mapped")} -> Not/ Partially Mapped | L61: =SUM('Workings out'!G4:G5) -> 0
D62: Aerobic and anaerobic systems, muscle balance, heart rate response to exercise, long and short term physiological adaptations to exercise, energy demands of different activities, tailoring exercise to individual needs/goals etc.
A63: 4. Consultations, assessments and gym inductions | B63: Ref | C63: K&U | D63: A Gym Instructor must:
B64: K4.1 | C64: Client consultation process | D64: Understand the consultation process specific to gym-based exercise programme planning and own professional role boundaries: ­ The significance of the consultation as part of the customer experience/customer journey. ­ Importance of educating client about own role, responsibilities and limitations in providing assistance (scope of practice). ­ The full range of activities/services/classes across the facility available to clients and how to provide further information about them. ­ Different demographics/fitness levels/goals of clients and how best to cater for their differing needs. ­ Relevance of data protection and client confidentiality. ­ Organisation’s customer charter/service promise and the importance of striving to exceed it. ­ Related products, systems and technology (e.g. class booking apps) that help to enhance the customer experience. | K64: =IF((AND(J64=1)), "Fully Mapped", "Not/ Partially Mapped") -> Not/ Partially Mapped | L64: =SUM('Workings out'!H4:H10) -> 0
B65: K4.2 | C65: Health screening and risk stratification | D65: Know evidence-based pre-exercise health screening methods: ­ PAR-Q, PAR-Q+, organisation/employer devised methods, health commitment statement ­ Informed consent. | K65: {=IF((AND(J65:J66=1)), "Fully Mapped", "Not/ Partially Mapped")} -> Not/ Partially Mapped
D66: Understand risk stratification models and when to signpost or refer a client to other specialist exercise professionals and/or medical professionals: ­ How to risk stratify clients. ­ Clear understanding of the absolute contraindications to exercise and factors that indicate that a client is at low, medium or high risk of an adverse event occurring during exercise/propensity for risk. ­ Recognised tools (Irwin and Morgan traffic light system/other national/international evidence-based tools, national/locally agreed protocols/referral/care pathways. ­ Relevant health history, current health status, particularly in relation to risk factors for heart disease ­ The identification of medical conditions that would necessitate medical clearance or referral to an appropriate medical professional or other clinician or medically supervised exercise programme, past and present injuries and disabilities. ­ When to refer/signpost/take action and what action to take in each circumstance (low, medium, high risk).
B67: K4.3 | C67: Client assessment and review process | D67: Know a range of health and fitness assessments relevant to the gym based client: ­ Use of lifestyle questionnaires to gather relevant information: e.g. previous and current level of activity, exercise likes/dislikes. ­ Selecting assessments appropriate to the client and assessment conditions/expectations of the organisation. ­ Range of assessments relevant to the general population: resting heart rate, blood pressure, sub-maximal cardio-respiratory fitness and muscular strength, BMI, waist circumference, progress photographs if desired, contraindications and limitations for testing. | K67: {=IF((AND(J67:J68=1)), "Fully Mapped", "Not/ Partially Mapped")} -> Not/ Partially Mapped
D68: Know how to monitor and review client progress: ­ The importance of building-in re-assessments/reviews to support client progress, motivation and adherence. ­ How to review a gym-based exercise programme in consultation with the client, based on results/goals/individual needs/changing circumstances.
B69: K4.4 | C69: Client induction process | D69: Know how to induct clients in the gym environment: ­ Policies/procedures in and around the gym/facility relevant to own role. ­ Facility walk-through/show-round: e.g. gym floor, class/spin studios, CV machines, resistance equipment (machine and free weights). | K69: {=IF((AND(J69:J70=1)), "Fully Mapped", "Not/ Partially Mapped")} -> Not/ Partially Mapped
D70: How to adapt inductions for individuals and small groups (maximum of 5) to maintain effectiveness.
B71: Ref | C71: Skills: | D71: A Gym Instructor must be able to:
B72: S4.1 | C72: Conduct consulations, assessments and gym inductions | D72: Assess a client’s readiness to exercise and the need for signposting or referral to other relevant professionals. | K72: {=IF((AND(J72:J74=1)), "Fully Mapped", "Not/ Partially Mapped")} -> Not/ Partially Mapped | L72: =SUM('Workings out'!I4:I6) -> 0
D73: Conduct safe and effective consultations, assessments, gym inductions and reviews with clients. - Adapt inductions for individuals and small groups (maximum of 5) to maintain effectiveness.
D74: Provide a ‘client experience’ during consultations, assessments and gym inductions: ­ Engage and build rapport with clients with varying needs. ­ Show empathy. ­ Give positive, motivating, timely and relevant feedback to clients. ­ Be accountable and take responsibility for clients. ­ use effective communication methods to ascertain a client's needs and enhance the customer experience. ­ signpost clients to other areas of the facility if they show an interest in other activities/services provided by the organisation.
A75: 5. Lifestyle management and client motivation | B75: Ref | C75: K&U | D75: A Gym Instructor must:
B76: K5.1 | C76: Lifestyle and health promotion | D76: Understand components of a healthy lifestyle and factors that affect health and wellbeing. | K76: =IF((AND(J76=1)), "Fully Mapped", "Not/ Partially Mapped") -> Not/ Partially Mapped | L76: =SUM('Workings out'!J4:J18) -> 0
D77: Understand the UK physical activity guidelines for different ages and the dose-response relationship.
D78: Know the nationally-recognised healthy eating recommendations.
D79: Know how to seek evidence-based/reputable health and wellbeing advice.
D80: Understand the benefits of physical activity/exercise to health and wellbeing.
D81: Know how to tailor advice on the components of a healthy lifestyle according to the individual client.
D82: Know how to communicate the health related benefits of exercise to clients.
D83: Know how technological advancements can be used to support the customer experience to increase physical activity levels, motivation and focus: e.g. wearable technology, pedometers, smartphone apps.
B84: K5.2 | C84: Prevention and management of common health conditions | D84: Understand the prevalence and health implications of the UK population. | K84: {=IF((AND(J84:J87=1)), "Fully Mapped", "Not/ Partially Mapped")} -> Not/ Partially Mapped
D85: Know professional role and scope of practice in relation to other relevant specialists when offering health and wellbeing advice and guidance.
D86: Know how physical activity/exercise can help to prevent and manage common health conditions: chronic conditions including coronary heart disease, stroke, type 2 diabetes, cancer, obesity, mental health problems and musculoskeletal conditions.
D87: Know the range of relevant exercise or health professionals that clients can be signposted/referred onto when they are beyond own scope of practice/area of qualification.
B88: K5.3 | C88: Behaviour change and exercise adherance | D88: Understand the stages of change/trans-theoretical model of behaviour change. | K88: =IF((AND(J88=1)), "Fully Mapped", "Not/ Partially Mapped") -> Not/ Partially Mapped
D89: Understand the role of intrinsic and extrinsic motivation in exercise adherence.
D90: Know a range of techniques/approaches that can motivate adherence to exercise.
B91: Ref | C91: Skills: | D91: A Gym Instructor must be able to:
B92: S5.1 | C92: Motivation | D92: Create a positive, motivating and empowering environment that supports clients to participate in and adhere to exercise. | K92: {=IF((AND(J92:J93=1)), "Fully Mapped", "Not/ Partially Mapped")} -> Not/ Partially Mapped | L92: =SUM('Workings out'!K4:K9) -> 0
D93: Support the client to recognise and develop their intrinsic and extrinsic motivation to exercise.
B94: S5.2 | C94: Goal setting | D94: Set SMART goals linked to a client’s individual needs, wants and motivators. | K94: =IF((AND(J95=1)), "Fully Mapped", "Not/ Partially Mapped") -> Not/ Partially Mapped
D95: Monitor targets, review and evaluate progress, adapt accordingly.
B96: S5.3 | C96: Health promotion | D96: Offer credible advice and guidance appropriate to own level of expertise to promote positive healthy lifestyle choices. | K96: {=IF((AND(J96:J97=1)), "Fully Mapped", "Not/ Partially Mapped")} -> Not/ Partially Mapped
D97: Be an ambassador for the sector leading by example and displaying positive health behaviours.
A98: 6. Plan and review gym programmes | B98: Ref | C98: K&U | D98: A Gym Instructor must:
B99: K6.1 | C99: Plan gym-based exercise programmes | D99: Understand how to plan and tailor safe and effective gym-based exercise programmes for a range of clients within scope of practice: | K99: {=IF((AND(J99:J118=1)), "Fully Mapped", "Not/ Partially Mapped")} -> Not/ Partially Mapped | L99: =SUM('Workings out'!L4:L29) -> 0
D100: ­ National recommended guidelines for physical activity and health for different ages: e.g. guidelines from the UK chief medical officer (CMO).
...

Sheet Mapping results
B1: Mapping Breakdown shows a breakdown of the percentage that your course has mapped to each sections knowledge and skills criteria, and the overall percentage that your course has mapped to the professional standard
D2: Sections | E2: Specifications | F2: %worth of each section | G2: Total % covered of area | H2: Section % of total standard | I2: % covered of entire standard
B3: 1. Maximising the participant experience | C3: Knowledge | D3: 5 | E3: 18 | F3: =100/E3 -> 5.5555556 | G3: =SUM('Mapping Template'!L5:L22) -> 0 | H3: =(E3/E19)*100 -> 9.8360656 | I3: =(H3/100)*G3 -> 0
C4: Skills | D4: 6 | E4: 6 | F4: =100/E4 -> 16.666667 | G4: =SUM('Mapping Template'!L24:L29) -> 0 | H4: {=(E4/_xlfn.ANCHORARRAY(E19))*100} -> 3.2786885 | I4: =(H4/100)*G4 -> 0
B5: 2. Welfare of participants and providing a safe and inclusive coaching environment | C5: Knowledge | D5: 6 | E5: 8 | F5: =100/E5 -> 12.5 | G5: =SUM('Mapping Template'!L31:L38) -> 0 | H5: =(E5/E19)*100 -> 4.3715847 | I5: =(H5/100)*G5 -> 0
C6: Skills | D6: 4 | E6: 4 | F6: =100/E6 -> 25 | G6: =SUM('Mapping Template'!L40:L43) -> 0 | H6: =(E6/E19)*100 -> 2.1857923 | I6: =(H6/100)*G6 -> 0
B7: 3. The Coach and their role within the organisation | C7: Knowledge | D7: 12 | E7: 15 | F7: =100/E7 -> 6.6666667 | G7: =SUM('Mapping Template'!L45:L59) -> 0 | H7: =(E7/E19)*100 -> 8.1967213 | I7: =(H7/100)*G7 -> 0
C8: Skills | D8: 1 | E8: 2 | F8: =100/E8 -> 50 | G8: =SUM('Mapping Template'!L61:L62) -> 0 | H8: =(E8/E19)*100 -> 1.0928962 | I8: =(H8/100)*G8 -> 0
B9: 4. Professional practice | C9: Knowledge | D9: 4 | E9: 7 | F9: =100/E9 -> 14.285714 | G9: =SUM('Mapping Template'!L64:L70) -> 0 | H9: =(E9/E19)*100 -> 3.8251366 | I9: =(H9/100)*G9 -> 0
C10: Skills | D10: 1 | E10: 3 | F10: =100/E10 -> 33.333333 | G10: =SUM('Mapping Template'!L72:L74) -> 0 | H10: =(E10/E19)*100 -> 1.6393443 | I10: =(H10/100)*G10 -> 0
B11: 5. Working with a coaching team | C11: Knowledge | D11: 3 | E11: 15 | F11: =100/E11 -> 6.6666667 | G11: =SUM('Mapping Template'!L76:L90) -> 0 | H11: =(E11/E19)*100 -> 8.1967213 | I11: =(H11/100)*G11 -> 0
C12: Skills | D12: 3 | E12: 6 | F12: =100/E12 -> 16.666667 | G12: =SUM('Mapping Template'!L92:L97) -> 0 | H12: =(E12/E19)*100 -> 3.2786885 | I12: =(H12/100)*G12 -> 0
B13: 6. Plan, prepare deliver, continually evaluate and review coaching sessions | C13: Knowledge | D13: 2 | E13: 26 | F13: =100/E13 -> 3.8461538 | G13: =SUM('Mapping Template'!L99:L124) -> 0 | H13: =(E13/E19)*100 -> 14.20765 | I13: =(H13/100)*G13 -> 0
C14: Skills | D14: 2 | E14: 10 | F14: =100/E14 -> 10 | G14: =SUM('Mapping Template'!L126:L135) -> 0 | H14: =(E14/E19)*100 -> 5.4644809 | I14: =(H14/100)*G14 -> 0
B15: 7. Plan, prepare, deliver, continually evaluate and review coaching programmes | C15: Knowledge | D15: 4 | E15: 29 | F15: =100/E15 -> 3.4482759 | G15: =SUM('Mapping Template'!L137:L165) -> 0 | H15: =(E15/E19)*100 -> 15.846995 | I15: =(H15/100)*G15 -> 0
C16: Skills | D16: 2 | E16: 11 | F16: =100/E16 -> 9.0909091 | G16: =SUM('Mapping Template'!L167:L177) -> 0 | H16: =(E16/$E$19)*100 -> 6.010929 | I16: =(H16/100)*G16 -> 0
B17: 8. Professional practice | C17: Knowledge | D17: 4 | E17: 18 | F17: =100/E17 -> 5.5555556 | G17: =SUM('Mapping Template'!L179:L196) -> 0 | H17: =(E17/$E$19)*100 -> 9.8360656 | I17: =(H17/100)*G17 -> 0
C18: Skills | D18: 2 | E18: 5 | F18: =100/E18 -> 20 | G18: =SUM('Mapping Template'!L198:L202) -> 0 | H18: =(E18/$E$19)*100 -> 2.7322404 | I18: =(H18/100)*G18 -> 0
B19: Totals | D19: =SUM(D3:D18) -> 61 | E19: =SUM(E3:E18) -> 183 | H19: =SUM(H3:H18) -> 100 | I19: =SUM(I3:I18) -> 0

Sheet Feedback
A1: Standardised feedback comments | B1: Assessment methods
A2: Comprehensive evidence | B2: Assignment
A3: Sufficient evidence | B3: Case study
A4: Further evidence required | B4: Dissertation
B5: Exam
B6: Written test
B7: Listening test
B8: Oral test
B9: Performance/ practical
B10: Portfolio
B11: Professional discussion
B12: Project
B13: Simulation
B14: Online test
B15: Attendence only
B16: Multiple
B17: Other

Sheet Workings out
A1: Calculating the total percentage of knowledge/ skill covered in each section
B2: 5.5555556 | C2: 16.666667 | D2: 12.5 | E2: 25 | F2: 6.6666667 | G2: 50 | H2: 14.285714 | I2: 33.333333 | J2: 6.6666667 | K2: 16.666667 | L2: 3.8461538 | M2: 10 | N2: 3.4482759 | O2: 9.0909091 | P2: 5.5555556 | Q2: 20
B3: K1 | C3: S1 | D3: K2 | E3: S2 | F3: K3 | G3: S3 | H3: K4 | I3: S4 | J3: K5 | K3: S5 | L3: K6 | M3: S6 | N3: K7 | O3: S7 | P3: K8 | Q3: S8
A4: Sections | B4: =IF('Mapping Template'!J5=1,B$2,0) -> 0 | C4: =IF('Mapping Template'!J24=1,C$2,0) -> 0 | D4: =IF('Mapping Template'!J31=1,D$2,0) -> 0 | E4: =IF('Mapping Template'!J40=1,E$2,0) -> 0 | F4: =IF('Mapping Template'!J45=1,F$2,0) -> 0 | G4: =IF('Mapping Template'!J61=1,G$2,0) -> 0 | H4: =IF('Mapping Template'!J64=1,H$2,0) -> 0 | I4: =IF('Mapping Template'!J72=1,I$2,0) -> 0 | J4: =IF('Mapping Template'!J76=1,J$2,0) -> 0 | K4: =IF('Mapping Template'!J92=1,K$2,0) -> 0 | L4: =IF('Mapping Template'!J99=1,L$2,0) -> 0 | M4: =IF('Mapping Template'!J126=1,M$2,0) -> 0 | N4: =IF('Mapping Template'!J137=1,N$2,0) -> 0 | O4: =IF('Mapping Template'!J167=1,O$2,0) -> 0 | P4: =IF('Mapping Template'!$J179=1,P$2,0) -> 0 | Q4: =IF('Mapping Template'!$J198=1,Q$2,0) -> 0
B5: =IF('Mapping Template'!J6=1,B$2,0) -> 0 | C5: =IF('Mapping Template'!J25=1,C$2,0) -> 0 | D5: =IF('Mapping Template'!J32=1,D$2,0) -> 0 | E5: =IF('Mapping Template'!J41=1,E$2,0) -> 0 | F5: =IF('Mapping Template'!J46=1,F$2,0) -> 0 | G5: =IF('Mapping Template'!J62=1,G$2,0) -> 0 | H5: =IF('Mapping Template'!J65=1,H$2,0) -> 0 | I5: =IF('Mapping Template'!J73=1,I$2,0) -> 0 | J5: =IF('Mapping Template'!J77=1,J$2,0) -> 0 | K5: =IF('Mapping Template'!J93=1,K$2,0) -> 0 | L5: =IF('Mapping Template'!J100=1,L$2,0) -> 0 | M5: =IF('Mapping Template'!J127=1,M$2,0) -> 0 | N5: =IF('Mapping Template'!J138=1,N$2,0) -> 0 | O5: =IF('Mapping Template'!J168=1,O$2,0) -> 0 | P5: =IF('Mapping Template'!$J180=1,P$2,0) -> 0 | Q5: =IF('Mapping Template'!$J199=1,Q$2,0) -> 0
B6: =IF('Mapping Template'!J7=1,B$2,0) -> 0 | C6: =IF('Mapping Template'!J26=1,C$2,0) -> 0 | D6: =IF('Mapping Template'!J33=1,D$2,0) -> 0 | E6: =IF('Mapping Template'!J42=1,E$2,0) -> 0 | F6: =IF('Mapping Template'!J47=1,F$2,0) -> 0 | H6: =IF('Mapping Template'!J66=1,H$2,0) -> 0 | I6: =IF('Mapping Template'!J74=1,I$2,0) -> 0 | J6: =IF('Mapping Template'!J78=1,J$2,0) -> 0 | K6: =IF('Mapping Template'!J94=1,K$2,0) -> 0 | L6: =IF('Mapping Template'!J101=1,L$2,0) -> 0 | M6: =IF('Mapping Template'!J128=1,M$2,0) -> 0 | N6: =IF('Mapping Template'!J139=1,N$2,0) -> 0 | O6: =IF('Mapping Template'!J169=1,O$2,0) -> 0 | P6: =IF('Mapping Template'!$J181=1,P$2,0) -> 0 | Q6: =IF('Mapping Template'!$J200=1,Q$2,0) -> 0
B7: =IF('Mapping Template'!J8=1,B$2,0) -> 0 | C7: =IF('Mapping Template'!J27=1,C$2,0) -> 0 | D7: =IF('Mapping Template'!J34=1,D$2,0) -> 0 | E7: =IF('Mapping Template'!J43=1,E$2,0) -> 0 | F7: =IF('Mapping Template'!J48=1,F$2,0) -> 0 | H7: =IF('Mapping Template'!J67=1,H$2,0) -> 0 | J7: =IF('Mapping Template'!J79=1,J$2,0) -> 0 | K7: =IF('Mapping Template'!J95=1,K$2,0) -> 0 | L7: =IF('Mapping Template'!J102=1,L$2,0) -> 0 | M7: =IF('Mapping Template'!J129=1,M$2,0) -> 0 | N7: =IF('Mapping Template'!J140=1,N$2,0) -> 0 | O7: =IF('Mapping Template'!J170=1,O$2,0) -> 0 | P7: =IF('Mapping Template'!$J182=1,P$2,0) -> 0 | Q7: =IF('Mapping Template'!$J201=1,Q$2,0) -> 0
B8: =IF('Mapping Template'!J9=1,B$2,0) -> 0 | C8: =IF('Mapping Template'!J28=1,C$2,0) -> 0 | D8: =IF('Mapping Template'!J35=1,D$2,0) -> 0 | F8: =IF('Mapping Template'!J49=1,F$2,0) -> 0 | H8: =IF('Mapping Template'!J68=1,H$2,0) -> 0 | J8: =IF('Mapping Template'!J80=1,J$2,0) -> 0 | K8: =IF('Mapping Template'!J96=1,K$2,0) -> 0 | L8: =IF('Mapping Template'!J103=1,L$2,0) -> 0 | M8: =IF('Mapping Template'!J130=1,M$2,0) -> 0 | N8: =IF('Mapping Template'!J141=1,N$2,0) -> 0 | O8: =IF('Mapping Template'!J171=1,O$2,0) -> 0 | P8: =IF('Mapping Template'!$J183=1,P$2,0) -> 0 | Q8: =IF('Mapping Template'!$J202=1,Q$2,0) -> 0
B9: =IF('Mapping Template'!J10=1,B$2,0) -> 0 | C9: =IF('Mapping Template'!J29=1,C$2,0) -> 0 | D9: =IF('Mapping Template'!J36=1,D$2,0) -> 0 | F9: =IF('Mapping Template'!J50=1,F$2,0) -> 0 | H9: =IF('Mapping Template'!J69=1,H$2,0) -> 0 | J9: =IF('Mapping Template'!J81=1,J$2,0) -> 0 | K9: =IF('Mapping Template'!J97=1,K$2,0) -> 0 | L9: =IF('Mapping Template'!J104=1,L$2,0) -> 0 | M9: =IF('Mapping Template'!J131=1,M$2,0) -> 0 | N9: =IF('Mapping Template'!J142=1,N$2,0) -> 0 | O9: =IF('Mapping Template'!J172=1,O$2,0) -> 0 | P9: =IF('Mapping Template'!$J184=1,P$2,0) -> 0
B10: =IF('Mapping Template'!J11=1,B$2,0) -> 0 | D10: =IF('Mapping Template'!J37=1,D$2,0) -> 0 | F10: =IF('Mapping Template'!J51=1,F$2,0) -> 0 | H10: =IF('Mapping Template'!J70=1,H$2,0) -> 0 | J10: =IF('Mapping Template'!J82=1,J$2,0) -> 0 | L10: =IF('Mapping Template'!J105=1,L$2,0) -> 0 | M10: =IF('Mapping Template'!J132=1,M$2,0) -> 0 | N10: =IF('Mapping Template'!J143=1,N$2,0) -> 0 | O10: =IF('Mapping Template'!J173=1,O$2,0) -> 0 | P10: =IF('Mapping Template'!$J185=1,P$2,0) -> 0
B11: =IF('Mapping Template'!J12=1,B$2,0) -> 0 | D11: =IF('Mapping Template'!J38=1,D$2,0) -> 0 | F11: =IF('Mapping Template'!J52=1,F$2,0) -> 0 | J11: =IF('Mapping Template'!J83=1,J$2,0) -> 0 | L11: =IF('Mapping Template'!J106=1,L$2,0) -> 0 | M11: =IF('Mapping Template'!J133=1,M$2,0) -> 0 | N11: =IF('Mapping Template'!J144=1,N$2,0) -> 0 | O11: =IF('Mapping Template'!J174=1,O$2,0) -> 0 | P11: =IF('Mapping Template'!$J186=1,P$2,0) -> 0
B12: =IF('Mapping Template'!J13=1,B$2,0) -> 0 | F12: =IF('Mapping Template'!J53=1,F$2,0) -> 0 | J12: =IF('Mapping Template'!J84=1,J$2,0) -> 0 | L12: =IF('Mapping Template'!J107=1,L$2,0) -> 0 | M12: =IF('Mapping Template'!J134=1,M$2,0) -> 0 | N12: =IF('Mapping Template'!J145=1,N$2,0) -> 0 | O12: =IF('Mapping Template'!J175=1,O$2,0) -> 0 | P12: =IF('Mapping Template'!$J187=1,P$2,0) -> 0
B13: =IF('Mapping Template'!J14=1,B$2,0) -> 0 | F13: =IF('Mapping Template'!J54=1,F$2,0) -> 0 | J13: =IF('Mapping Template'!J85=1,J$2,0) -> 0 | L13: =IF('Mapping Template'!J108=1,L$2,0) -> 0 | M13: =IF('Mapping Template'!J135=1,M$2,0) -> 0 | N13: =IF('Mapping Template'!J146=1,N$2,0) -> 0 | O13: =IF('Mapping Template'!J176=1,O$2,0) -> 0 | P13: =IF('Mapping Template'!$J188=1,P$2,0) -> 0
B14: =IF('Mapping Template'!J15=1,B$2,0) -> 0 | F14: =IF('Mapping Template'!J55=1,F$2,0) -> 0 | J14: =IF('Mapping Template'!J86=1,J$2,0) -> 0 | L14: =IF('Mapping Template'!J109=1,L$2,0) -> 0 | N14: =IF('Mapping Template'!J147=1,N$2,0) -> 0 | O14: =IF('Mapping Template'!J177=1,O$2,0) -> 0 | P14: =IF('Mapping Template'!$J189=1,P$2,0) -> 0
B15: =IF('Mapping Template'!J16=1,B$2,0) -> 0 | F15: =IF('Mapping Template'!J56=1,F$2,0) -> 0 | J15: =IF('Mapping Template'!J87=1,J$2,0) -> 0 | L15: =IF('Mapping Template'!J110=1,L$2,0) -> 0 | N15: =IF('Mapping Template'!J148=1,N$2,0) -> 0 | P15: =IF('Mapping Template'!$J190=1,P$2,0) -> 0
B16: =IF('Mapping Template'!J17=1,B$2,0) -> 0 | F16: =IF('Mapping Template'!J57=1,F$2,0) -> 0 | J16: =IF('Mapping Template'!J88=1,J$2,0) -> 0 | L16: =IF('Mapping Template'!J111=1,L$2,0) -> 0 | N16: =IF('Mapping Template'!J149=1,N$2,0) -> 0 | P16: =IF('Mapping Template'!$J191=1,P$2,0) -> 0
B17: =IF('Mapping Template'!J18=1,B$2,0) -> 0 | F17: =IF('Mapping Template'!J58=1,F$2,0) -> 0 | J17: =IF('Mapping Template'!J89=1,J$2,0) -> 0 | L17: =IF('Mapping Template'!J112=1,L$2,0) -> 0 | N17: =IF('Mapping Template'!J150=1,N$2,0) -> 0 | P17: =IF('Mapping Template'!$J192=1,P$2,0) -> 0
B18: =IF('Mapping Template'!J19=1,B$2,0) -> 0 | F18: =IF('Mapping Template'!J59=1,F$2,0) -> 0 | J18: =IF('Mapping Template'!J90=1,J$2,0) -> 0 | L18: =IF('Mapping Template'!J113=1,L$2,0) -> 0 | N18: =IF('Mapping Template'!J151=1,N$2,0) -> 0 | P18: =IF('Mapping Template'!$J193=1,P$2,0) -> 0
B19: =IF('Mapping Template'!J20=1,B$2,0) -> 0 | L19: =IF('Mapping Template'!J114=1,L$2,0) -> 0 | N19: =IF('Mapping Template'!J152=1,N$2,0) -> 0 | P19: =IF('Mapping Template'!$J194=1,P$2,0) -> 0
B20: =IF('Mapping Template'!J21=1,B$2,0) -> 0 | L20: =IF('Mapping Template'!J115=1,L$2,0) -> 0 | N20: =IF('Mapping Template'!J153=1,N$2,0) -> 0 | P20: =IF('Mapping Template'!$J195=1,P$2,0) -> 0
B21: =IF('Mapping Template'!J22=1,B$2,0) -> 0 | L21: =IF('Mapping Template'!J116=1,L$2,0) -> 0 | N21: =IF('Mapping Template'!J154=1,N$2,0) -> 0 | P21: =IF('Mapping Template'!$J196=1,P$2,0) -> 0
L22: =IF('Mapping Template'!J117=1,L$2,0) -> 0 | N22: =IF('Mapping Template'!J155=1,N$2,0) -> 0
L23: =IF('Mapping Template'!J118=1,L$2,0) -> 0 | N23: =IF('Mapping Template'!J156=1,N$2,0) -> 0
L24: =IF('Mapping Template'!J119=1,L$2,0) -> 0 | N24: =IF('Mapping Template'!J157=1,N$2,0) -> 0
L25: =IF('Mapping Template'!J120=1,L$2,0) -> 0 | N25: =IF('Mapping Template'!J158=1,N$2,0) -> 0
L26: =IF('Mapping Template'!J121=1,L$2,0) -> 0 | N26: =IF('Mapping Template'!J159=1,N$2,0) -> 0
L27: =IF('Mapping Template'!J122=1,L$2,0) -> 0 | N27: =IF('Mapping Template'!J160=1,N$2,0) -> 0
L28: =IF('Mapping Template'!J123=1,L$2,0) -> 0 | N28: =IF('Mapping Template'!J161=1,N$2,0) -> 0
L29: =IF('Mapping Template'!J124=1,L$2,0) -> 0 | N29: =IF('Mapping Template'!J162=1,N$2,0) -> 0
N30: =IF('Mapping Template'!J163=1,N$2,0) -> 0
N31: =IF('Mapping Template'!J164=1,N$2,0) -> 0
N32: =IF('Mapping Template'!J165=1,N$2,0) -> 0
